 Dungeon Crawl Stone Soup version 0.21-a0-531-gacddea6 (webtiles) character file.

102 hofi the Chopper (level 4, 0/39 HPs)
             Began as a Hill Orc Fighter on Dec 13, 2017.
             Slain by a bullfrog (7 damage)
             ... on level 2 of the Dungeon.
             The game lasted 00:02:17 (1129 turns).

hofi the Chopper (Hill Orc Fighter)                 Turns: 1129, Time: 00:02:17

Health: 0/39       AC:  6    Str: 18    XL:     4   Next: 77%
Magic:  4/4        EV:  7    Int:  9    God:
Gold:   52         SH:  9    Dex: 10    Spells: 3/3 levels left

rFire    . . .     SeeInvis .   a - +0 war axe
rCold    . . .     Gourm    .   c - +0 shield
rNeg     . . .     Faith    .   b - +0 scale mail
rPois    .         Spirit   .   (no helmet)
rElec    .         Reflect  .   (no cloak)
rCorr    .         Harm     .   (no gloves)
MR       .....                  (no boots)
Stlth    ..........             (no amulet)
HPRegen  0.13/turn              (no ring)
MPRegen  0.09/turn              (no ring)

@: no status effects
A: no striking features
a: no special abilities


You were on level 2 of the Dungeon.
You were not hungry.

You visited 1 branch of the dungeon, and saw 2 of its levels.

You collected 52 gold pieces.

Inventory:

Hand Weapons
 a - a +0 war axe (weapon)
Armour
 b - a +0 scale mail (worn)
 c - a +0 shield (worn)
 h - a cursed +0 helmet
Jewellery
 o - a cursed -2 ring of evasion {unknown}
Scrolls
 e - a scroll of teleportation {unknown}
 l - a scroll of amnesia {unknown}
 m - a scroll of identify {unknown}
Potions
 d - 3 potions of might
 g - a potion of curing
 i - 2 potions of ambrosia {unknown}
 k - a potion of mutation {unknown}
 p - a potion of brilliance {unknown}
Comestibles
 f - 3 bread rations
 j - a royal jelly
 n - 3 chunks of flesh


   Skills:
 - Level 3.6 Fighting
 * Level 5.4 Axes
 - Level 3.2 Armour
 + Level 4.3 Shields


You had 3 spell levels left.
You didn't know any spells.

Dungeon Overview and Level Annotations

Branches:
Dungeon (2/15)

Altars:
Okawaru


Message History

The bullfrog is moderately wounded.
The bullfrog hits you. x2
You hit the bullfrog.
The bullfrog is heavily wounded.
The bullfrog hits you. x2
* * * LOW HITPOINT WARNING * * *
You hit the bullfrog.
The bullfrog is heavily wounded.
You block the bullfrog's attack.
The bullfrog hits you but does no damage.
Your shield and scale mail prevent you from hitting the bullfrog.
The bullfrog is heavily wounded.
The bullfrog hits you but does no damage.
The bullfrog hits you but does no damage.
The bullfrog barely misses you. You block the bullfrog's attack.
The bullfrog hits you.
* * * LOW HITPOINT WARNING * * *
The bullfrog hits you!
You die...

*#### *,..# *,#.#
*,#@# *,#F# *,#.#
*,#.#
*,#.##*#####***
*,#..##.....,,**
*,##.#...#,...,**
*,*#....###...,,*
***#..........,,*


You could see a bullfrog.

Vanquished Creatures
  3 adders (D:2)
  3 gnolls (D:2)
  An ooze (D:1)
  A worm (D:2)
  A dart slug (D:1)
  A leopard gecko (D:1)
  2 giant cockroaches (D:1)
  A goblin (D:1)
  3 hobgoblins
  11 bats
  4 kobolds
  8 rats
39 creatures vanquished.

Notes
Turn   | Place    | Note
-------+----------+-------------------------------------------
     0 | D:1      | hofi the Hill Orc Fighter began the quest for the Orb.
     0 | D:1      | Reached XP level 1. HP: 19/19 MP: 1/1
    52 | D:1      | Reached skill level 3 in Axes
    98 | D:1      | Reached XP level 2. HP: 24/26 MP: 2/2
   386 | D:1      | Reached skill level 4 in Axes
   386 | D:1      | Reached XP level 3. HP: 31/31 MP: 3/3
   669 | D:2      | Reached XP level 4. HP: 5/39 MP: 4/4
   930 | D:2      | Reached skill level 5 in Axes
  1099 | D:2      | Found an iron altar of Okawaru.
  1103 | D:2      | Noticed a bullfrog
  1129 | D:2      | Slain by a bullfrog

Vault maps used:
D:1:      lightli_iron_boxes
D:2:      okawaru_ov_weapons_minmay, first_bread, serial_aquarium,
          aquarium_bridge_square, aquarium_bridge_island_small,
          aquarium_window_fake, aquarium_window_fake, aquarium_window_fake,
          aquarium_window_1, aquarium_view_2b, aquarium_pool_corner,
          uniq_natasha

Skill      XL: |  1  2  3  4 |
---------------+-------------+-----
Axes           | 3 4 5 |  5.4
Shields        | 4 |  4.3
Fighting       | |  3.6
Armour         | |  3.2

Action                   |  1- 3 |  4- 6 || total
-------------------------+-------+-------++-------
Melee: War axe           |    77 |    47 ||   124
  Use: Potion            |     1 |       ||     1
       Scroll            |       |     1 ||     1
  Eat: Chunk             |       |     1 ||     1
Armor: Scale mail        |    46 |    44 ||    90
Dodge: Dodged            |    28 |    21 ||    49
Block: Shield            |    52 |    36 ||    88

Table legend:
 A = Spawn XP
 B = Non-spawn XP
 C = Spawn XP percentage of total XP
 D = Spawn monster count
 E = Non-spawn monster count
 F = Spawn count percentage of total count
 G = Total turns spent on level
                    A         B        C        D         E        F      G
               +---------+---------+-------+---------+---------+-------+---------
         Total |       0 |     146 |   0.0 |       0 |      39 |   0.0 |  1129
               +---------+---------+-------+---------+---------+-------+---------
           D:1 |       0 |      41 |   0.0 |       0 |      21 |   0.0 |   869
           D:2 |       0 |     105 |   0.0 |       0 |      18 |   0.0 |   260
               +---------+---------+-------+---------+---------+-------+---------
